 Dungeon Crawl Stone Soup version 0.27.1 (webtiles) character file.

Game seed: 15713163148091291783

5923 acemry the Cleaver (level 10, -5/84 HPs)
             Began as a Minotaur Fighter on Sept 3, 2021.
             Was an Elder of Okawaru.
             Slain by a centaur warrior (10 damage)
             ... on level 9 of the Dungeon.
             The game lasted 00:28:22 (10016 turns).

acemry the Cleaver (Minotaur Fighter)              Turns: 10016, Time: 00:28:23

Health: -5/84      AC: 17    Str: 24    XL:     10   Next: 53%
Magic:  9/9        EV: 10    Int:  5    God:    Okawaru [****..]
Gold:   485        SH:  5    Dex: 10    Spells: 9/9 levels left

rFire    + + .     SeeInvis +   x - +11 hand axe of Qenkin {freeze, rF+ SInv}
rCold    . . .     Faith    .   (no shield)
rNeg     . . .     Spirit   .   b - +0 scale mail
rPois    +         Reflect  +   y - +2 hat
rElec    .         Harm     .   M - +0 cloak
rCorr    .         Rampage  .   (no gloves)
Will     .....                  D - +1 pair of boots
Stlth    ..........             G - amulet of reflection
HPRegen  0.24/turn              g - +4 ring of protection
MPRegen  0.11/turn              t - ring of protection from fire

@: invisible
A: horns 2, retaliatory headbutt, mutation resistance 1, sense surroundings 1,
poison resistance
a: Renounce Religion, Heroism


You were on level 9 of the Dungeon.
You worshipped Okawaru.
Okawaru was greatly pleased with you.
You visited 2 branches of the dungeon, and saw 10 of its levels.

You collected 485 gold pieces.

Inventory:

Hand Weapons
 n - a +6 vorpal dire flail
 x - the +11 hand axe of Qenkin (weapon) {freeze, rF+ SInv}
   (You found it on level 4 of the Dungeon)

   It freezes those it strikes, dealing additional cold damage.
   It can also slow down cold-blooded creatures.
   rF:        It protects you from fire.
   SInv:      It lets you see invisible.
 E - a +0 shortbow
Missiles
 h - 67 poisoned darts (quivered)
 l - 35 sling bullets
 C - 61 arrows
 J - 43 bolts
Armour
 b - a +0 scale mail (worn)
 c - a +0 kite shield
 y - a +2 hat (worn)
 D - a +1 pair of boots (worn)
 M - a +0 cloak (worn)
Jewellery
 g - a +4 ring of protection (left hand)
 p - a ring of willpower
 t - a ring of protection from fire (right hand)
 u - an amulet of the acrobat
 z - a ring of see invisible
 G - an amulet of reflection (around neck)
 H - a ring of flight
Wands
 q - a wand of iceblast (1)
 r - a wand of mindburst (5)
 v - a wand of flame (8)
Scrolls
 f - 3 scrolls of teleportation
 j - 4 scrolls of amnesia
 w - a scroll of fog
 I - a scroll of identify
Potions
 d - a potion of might
 e - 2 potions of curing
 i - 2 potions of ambrosia
 k - a potion of resistance
 m - a potion of attraction
 o - a potion of cancellation
 s - a potion of brilliance
 A - 2 potions of berserk rage
 B - a potion of invisibility
Miscellaneous
 a - a piece from Xom's chessboard (15/15)


   Skills:
 + Level 6.3 Fighting
 - Level 0.1(0.2) Short Blades
 - Level 0.1(0.2) Long Blades
 - Level 12.1(14.0) Axes
 - Level 12.0(14.0) Maces & Flails
 - Level 0.1 Crossbows
 + Level 6.4 Armour
 - Level 3.6 Shields
 - Level 0.1 Hexes
 - Level 0.2 Poison Magic


You had 9 spell levels left.
You didn't know any spells.
Your spell library contained the following spells:

 Spells                   Type           Power      Damage    Failure   Level
 Ensorcelled Hibernation  Hex/Ice        0%         N/A       87%         2
 Dazzling Flash           Conj/Hex       0%         N/A       98%         3
 Spider Form              Tmut/Pois      0%         N/A       98%         3
 Iskenderun's Mystic Bla  Conj/Tloc      0%         2d3       100%        4
 Shadow Creatures         Summ           N/A        N/A       100%        6
 Starburst                Conj/Fire      0%         6d3       100%        6


Dungeon Overview and Level Annotations

Branches:
Dungeon (9/15)             Temple (1/1) D:5            Lair (0/6) D:9
    Orc: D:9-12

Altars:
Ashenzari
Cheibriados
Dithmenos
Elyvilon
Gozag
Hepliaklqana
Kikubaaqudgha
Makhleb
Nemelex Xobeh
Okawaru
Qazlal
Ru
Sif Muna
Trog
Uskayaw
Vehumet
Wu Jian
Yredelemnul
Zin
The Shining One

Shops:
D:5 [


Innate Abilities, Weirdness & Mutations

You have a pair of horns on your head.
You reflexively headbutt those who attack you in melee.
You are somewhat resistant to further mutation.
You passively map a small area around you.
Your system is resistant to poisons. (rPois)


Message History

The centaur warrior is severely wounded.
You slash the centaur warrior! You freeze the centaur warrior.
You hit the fire elemental but do no damage.
The centaur warrior hits you but does no damage.
The centaur warrior kicks you but does no damage.
You block the centaur warrior's attack. The centaur warrior kicks you.
The deep elf pyromancer gestures wildly while chanting.
The deep elf pyromancer blinks!
The fire elemental hits you. The fire elemental burns you! You resist.
You closely miss the centaur warrior. You headbutt the centaur warrior.
The centaur warrior is almost dead.
You slash the fire elemental! You freeze the fire elemental.
You destroy the fire elemental!
You hit the centaur warrior. You freeze the centaur warrior.
The centaur warrior wields a +0 shortbow.
The centaur warrior shoots an arrow.
The arrow hits you!
* * * LOW HITPOINT WARNING * * *
The centaur warrior hits you!
* * * LOW HITPOINT WARNING * * *
The centaur warrior kicks you but does no damage.
The centaur warrior hits you but does no damage.
The centaur warrior kicks you but does no damage.
You feel better.
The centaur warrior hits you but does no damage.
You block the centaur warrior's attack.
The deep elf pyromancer mumbles some strange words.
The centaur warrior hits you.
* * * LOW HITPOINT WARNING * * *
The centaur warrior kicks you but does no damage.
The efreet barely misses you.
The howler monkey hoots and howls with incredible vigour!
The centaur warrior hits you but does no damage.
The centaur warrior kicks you but does no damage.
Okay, then.
You fade into invisibility!
You block the centaur warrior's attack. The centaur warrior kicks you.
* * * LOW HITPOINT WARNING * * *
The centaur warrior shoots an arrow.
The arrow hits the efreet.
The centaur warrior hits you!
You die...

#....# #... ............
#....# ...#..##....##.
#...## ####....(.........
#...######...,..........##.
##..........#
##.####....###
##........#..# ....
#....##.
#............#BE....
#....#..
#............#T.....
#....#..
#..........c@RcCo8.. #..
#...........c#pl.... #..
#............#,oe... #..
##........##.#,


Eh.. * #. ##........##.#* .## ##. * #..........#.., , .. #.. #..........#### #,
#####.. #..........# ....... #..........# *####.. You could see 3 centaur
warriors, a cyclops, a deep elf pyromancer, a wizard, a troll, an efreet, a
basilisk, 2 fire elementals, a howler monkey (catching breath), an orc priest
and an orc wizard.

Vanquished Creatures
  A two-headed ogre (D:8)
  An unseen horror (D:9)
  A spriggan (D:7)
  Eustachio (D:5)
  A steam dragon (D:8)
  3 wargs (D:9)
  A water moccasin (D:8)
  An orc warrior (D:9)
  A black bear (D:2)
  2 sky beasts
  2 centaurs
  A necrophage (D:6)
  3 ogres
  A phantom (D:5)
  Blork the orc (D:5)
  2 kobold brigands
  A gnoll sergeant (D:8)
  3 scorpions
  3 bullfrogs
  A wyvern zombie (D:7)
  3 water moccasin skeletons
  A wyvern skeleton (D:7)
  9 killer bees
  8 wights (D:7)
  A howler monkey (D:7)
  2 bullfrog zombies (D:6)
  5 hounds
  A jelly (D:5)
  6 orc priests
  Crazy Yiuf (D:2)
  A bullfrog skeleton (D:7)
  A gnoll shaman (D:6)
  2 centaur skeletons (D:7)
  Ijyb (D:5)
  Terence (D:3)
  3 iguanas
  6 orc wizards
  A hound skeleton (D:4)
  2 howler monkey zombies
  A howler monkey skeleton (D:4)
  15 gnolls
  6 adders
  2 white imps
  2 ufetubi
  2 adder skeletons (D:4)
  19 orcs
  7 ball pythons
  3 endoplasms
  4 giant cockroaches
  7 goblins
  3 hobgoblins
  16 kobolds
  A quokka (D:4)
  6 bats
  2 frilled lizards
  2 rats (D:1)
184 creatures vanquished.

Vanquished Creatures (others)
  A wizard (D:9)
  4 fungi (D:2)
  6 plants
11 creatures vanquished.

Grand Total: 195 creatures vanquished

Notes
Turn   | Place    | Note
-------+----------+-------------------------------------------
     0 | D:1      | acemry the Minotaur Fighter began the quest for the Orb.
     0 | D:1      | Reached XP level 1. HP: 19/19 MP: 0/0
    54 | D:1      | Found a faded altar of an unknown god.
   524 | D:1      | Reached XP level 2. HP: 26/26 MP: 1/1
   781 | D:2      | Noticed a black bear
   789 | D:2      | Killed a black bear
   790 | D:2      | Reached skill level 5 in Maces & Flails
   790 | D:2      | Reached XP level 3. HP: 19/31 MP: 2/2
   790 | D:2      | Reached XP level 4. HP: 24/39 MP: 3/3
  1374 | D:2      | You fall into a shaft and drop 2 floors!
  1410 | D:4      | Reached XP level 5. HP: 45/45 MP: 4/4
  1531 | D:4      | Found a shimmering blue altar of Sif Muna.
  1568 | D:4      | Reached XP level 6. HP: 15/51 MP: 5/5
  1889 | D:4      | Found an ornate altar of the Wu Jian Council.
  2340 | D:4      | Found an ancient bone altar of Kikubaaqudgha.
  2349 | D:4      | Noticed a human
  2350 | D:4      | You fall into a shaft and drop 2 floors!
  2412 | D:5      | Entered Level 5 of the Dungeon
  2539 | D:5      | Reached XP level 7. HP: 37/57 MP: 6/6
  2540 | D:5      | Found a staircase to the Ecumenical Temple.
  2552 | D:5      | Noticed Ijyb
  2555 | Temple   | Entered the Ecumenical Temple
  2752 | Temple   | Became a worshipper of Warmaster Okawaru
  3217 | D:5      | Killed Ijyb
  3283 | D:5      | Found Sis Yxef's Antique Armour Shoppe.
  3294 | D:5      | Found a white marble altar of Elyvilon.
  3413 | D:5      | Noticed Blork the orc
  3424 | D:5      | Killed Blork the orc
  3425 | D:5      | Reached skill level 10 in Maces & Flails
  4047 | D:5      | Noticed Eustachio
  4097 | D:5      | Killed Eustachio
  4098 | D:5      | Reached XP level 8. HP: 36/64 MP: 7/7
  5210 | D:4      | Identified the +11 hand axe of Qenkin {freeze, rF+ SInv}
  5445 | D:3      | Reached skill level 1 in Axes
  5651 | D:3      | Noticed Terence
  5661 | D:3      | Killed Terence
  6106 | D:2      | Found a runed translucent door.
  6107 | D:2      | Noticed Crazy Yiuf
  6262 | D:2      | Killed Crazy Yiuf
  6419 | D:6      | Reached * piety under Okawaru
  6538 | D:6      | Reached skill level 5 in Axes
  7058 | D:6      | Reached XP level 9. HP: 45/70 MP: 8/8
  7341 | D:6      | Found a hide-covered altar of Uskayaw.
  7693 | D:7      | Reached ** piety under Okawaru
  7698 | D:7      | Found a broken altar of Ashenzari.
  8393 | D:7      | Reached skill level 10 in Axes
  8921 | D:8      | Noticed a two-headed ogre
  8926 | D:8      | Killed a two-headed ogre
  8926 | D:8      | Reached *** piety under Okawaru
  9097 | D:8      | Reached XP level 10. HP: 77/77 MP: 9/9
  9228 | D:8      | Found an opulent altar of Gozag.
  9576 | D:8      | Reached **** piety under Okawaru
  9657 | D:8      | Gained mutation: Your system is resistant to poisons.
                  | (rPois) [potion of mutation]
  9657 | D:8      | Gained mutation: You passively map a small area around you.
                  | [potion of mutation]
  9657 | D:8      | Gained mutation: You are somewhat resistant to further
                  | mutation. [potion of mutation]
  9843 | D:9      | Found a staircase to the Lair.
  9866 | D:9      | Reached skill level 5 in Fighting
  9866 | D:9      | Reached skill level 5 in Armour
 10003 | D:9      | Noticed a wizard
 10003 | D:9      | Noticed a deep elf pyromancer
 10004 | D:9      | Noticed a centaur warrior
 10004 | D:9      | Noticed a centaur warrior
 10005 | D:9      | Noticed a centaur warrior
 10005 | D:9      | Noticed a boulder beetle
 10006 | D:9      | Noticed a cyclops
 10007 | D:9      | Noticed a wizard
 10009 | D:9      | Killed a wizard
 10016 | D:9      | Slain by a centaur warrior

Illustrated notes

Levels and vault maps discovered:
D:1:      matt_arrival_refuge, layout_loops_ring,
          shapermc_ecumenical_altar_mp_urbaneastern, item_on_display_b
D:2:      layout_loops_ring, uniq_crazy_yiuf_cottage
D:3:      layout_rooms, uniq_terence
D:4:      layout_loops_ring, tgw_kikubaaqudgha,
          mainiacjoe_overflow_surrounded_room, pdpol_wu_jian_five_deadly_venoms
D:5:      layout_basic, mainiacjoe_overflow_paths, minmay_temple_entry_slanted,
          serial_shops, nicolae_shop_stone, corexii_item_surrounded_by_moat,
          chequers_big_river, uniq_blork_the_orc, uniq_eustachio, uniq_ijyb
D:6:      layout_loops_corners, mainiacjoe_overflow_tiny_flanked
D:7:      layout_basic, nicolae_ashenzari_skybound, kennysheep_doodads,
          the_hattery
D:8:      layout_basic, grunt_gozag_breadcrumbs
D:9:      layout_rooms, erik_lair_orcish_takeover, minmay_curled_crystal,
          minivault_28
Temple:   oiseaux_autumnal_temple

Skill      XL: |  1  2  3  4  5  6  7  8  9 10 |
---------------+-------------------------------+-----
Maces & Flails | 3 5 6 7 9 11 12 | 12.0
Axes           | 7 12 | 12.1
Fighting       | 6 |  6.3
Armour         | 6 |  6.4
Short Blades   | |  0.1
Long Blades    | |  0.1
Crossbows      | |  0.1
Shields        | |  3.6
Hexes          | |  0.1
Poison Magic   | |  0.2

Action                   |  1- 3 |  4- 6 |  7- 9 | 10-12 || total
-------------------------+-------+-------+-------+-------++-------
Melee: Flail             |    31 |   108 |    83 |       ||   222
       Headbutt          |     6 |    18 |    44 |    17 ||    85
       Hand axe          |       |       |   154 |    74 ||   228
       Dire flail        |       |       |       |    19 ||    19
Invok: Heroism           |       |       |       |     1 ||     1
  Use: Scroll            |     2 |     4 |     7 |     6 ||    19
       Potion            |       |     4 |       |     3 ||     7
Armor: Scale mail        |    20 |    49 |    83 |    38 ||   190
Dodge: Dodged            |    18 |    39 |    79 |    45 ||   181
Block: Kite shield       |     3 |       |       |       ||     3
       Other             |       |       |       |    22 ||    22
       Reflection        |       |       |       |     1 ||     1
